cohdb
Replays
Latest Replays
All Replays
Popular Replays
Top Player Replays
Match Explorer
How It Works
Community
CoH3 Stats
Reddit
Sign in to upload your games and track your stats! →
Sign in with Steam
Match 39661015
Unlisted
Match 39661015
Overview
Messages
Build Orders
End
Panzerpioneer Squad
Panzergrenadier Squad
250 Light Carrier
Construct Light Support Kompanie
Combat Half-tracks
MG34 Team
Assault Grenadier Squad
Selects Panzerjäger Kommand Battlegroup
Selects Mine Fields
Selects Tank Busters
Panzerjäger Mechanized Group
Construct Mechanized Kompanie
Support Armor Elements
StuG III D Assault Gun
Selects Crew Shock Tactics
Panzergrenadier Squad
StuG III D Assault Gun
Vehicle Survival Package
REGULATOR
Tea
0
0
Comments
sign in to comment!
No comments posted yet!